 Dungeon Crawl Stone Soup version 0.17-a0-1582-ge6b0260 (webtiles) character file.

3142 Chiseanne the Fighter (level 9, -3/81 HPs)
             Began as a Demonspawn Wanderer on July 27, 2015.
             Was a Follower of Qazlal.
             Slain by Chiseanne's ghost (8 damage)
             ... on level 8 of the Dungeon.
             The game lasted 00:26:34 (10182 turns).

Chiseanne the Fighter (Demonspawn Wanderer)        Turns: 10182, Time: 00:26:34

Health: -3/81      AC: 13    Str: 14    XL:     9   Next: 61%
Magic:  10/10      EV: 15    Int: 17    God:    Qazlal [*.....]
Gold:   398        SH:  2    Dex: 15    Spells: 0 memorised, 8 levels left

rFire  + . .     SeeInvis +     a - +2 mace (crush)
rCold  . . .     Clarity  .     C - +4 leather armour of Gluttony {rF+ Int+4 Slay+3}
rNeg   + . .     SustAt   .     (no shield)
rPois  +         Gourm    .     (no helmet)
rElec  .         Spirit   .     s - +0 cloak {rPois}
rCorr  .         Warding  .     M - +0 pair of gloves
rMut   .         Stasis   .     h - +0 pair of boots
MR     .....                    I - amulet of rage
Stlth  ++........               o - ring of positive energy
                                u - ring of see invisible

@: not resistant to hostile enchantments, unstealthy
A: rugged brown scales 2, foul stench 2, nightstalker 1, rot immunity
a: Renounce Religion, Evoke Berserk Rage


You were on level 8 of the Dungeon.
You worshipped Qazlal.
Qazlal was aware of your devotion.
You were very hungry.

You visited 2 branches of the dungeon, and saw 9 of its levels.

You collected 398 gold pieces.

Inventory:

Hand weapons
 a - a +2 mace of crushing (weapon)
 e - a +3 hand crossbow
 J - a +0 whip of electrocution
Missiles
 c - 29 sling bullets
 q - 75 arrows
 x - 16 poisoned needles
 H - 13 steel sling bullets
 K - 4 tomahawks (quivered)
Armour
 h - a +0 pair of boots (worn)
 s - a +0 cloak of poison resistance (worn)
 v - the +2 robe "Weaxkyt" {rPois Int+2}
   (You found it on level 5 of the Dungeon)

   It affects your intelligence (+2).
   It protects you from poison.
 C - the +4 leather armour of Gluttony (worn) {rF+ Int+4 Slay+3}
   (You found it on level 6 of the Dungeon)

   It affects your intelligence (+4).
   It affects your accuracy and damage with ranged weapons and melee attacks
   (+3).
   It protects you from fire.
 M - a +0 pair of gloves (worn)
Magical staves
 F - an uncursed staff of air
Jewellery
 o - a ring of positive energy (right hand)
 r - an uncursed ring of magical power
 u - a ring of see invisible (left hand)
 I - an amulet of rage (around neck)
Magical devices
 L - a wand of random effects (23)
Scrolls
 d - a scroll of teleportation
 i - a scroll of fog
 l - 2 scrolls of blinking
 p - 2 scrolls of remove curse
 y - 2 scrolls of fear
 A - 3 scrolls of magic mapping
 D - a scroll of amnesia
Potions
 g - 2 potions of curing
 j - a potion of ambrosia
 m - a potion of might
 n - 2 potions of berserk rage
 w - 3 potions of cure mutation
 E - 3 potions of magic {unknown}
Books
 B - a book of Ice

   Spells                             Type                      Level
   a - Ice Form                       Ice/Transmutation            4
   b - Metabolic Englaciation         Hexes/Ice                    5
   c - Ozocubu's Refrigeration        Ice                          6
   d - Bolt of Cold                   Conjuration/Ice              6
   e - Freezing Cloud                 Conjuration/Ice/Air          6
   f - Simulacrum                     Ice/Necromancy               6
Comestibles
 b - 2 beef jerkies
 f - 7 bread rations
 k - 3 slices of pizza
 z - 2 meat rations


   Skills:
 + Level 10.2 Fighting
 - Level 5.0 Crossbows
 - Level 5.2 Armour
 * Level 5.6 Dodging
 - Level 1.0 Stealth
   Level 1.0 Shields
 * Level 1.8 Evocations


You had 8 spell levels left.
You didn't know any spells.

Dungeon Overview and Level Annotations

Branches:
Dungeon (8/15)             Temple (1/1) D:4
   Lair: D:8-11

Altars:
Ashenzari
Cheibriados
Dithmenos
Fedhas
Gozag
Kikubaaqudgha
Makhleb
Nemelex Xobeh
Qazlal
Ru
Sif Muna
Trog
Vehumet
Xom
Yredelemnul
Zin
The Shining One

Annotations:
D:8 Chiseanne's ghost, experienced DsWn


Innate Abilities, Weirdness & Mutations

You are mostly covered in rugged brown scales (AC +2, +5% HP).
You frequently emit foul miasma when damaged in melee.
You are slightly more attuned to the shadows.
You are immune to rotting.


Message History

Chiseanne's ghost is heavily damaged.
Chiseanne's ghost hits you but does no damage.
You hit Chiseanne's ghost but do no damage.
Chiseanne's ghost is heavily damaged.
Chiseanne's ghost hits you but does no damage. x2
You sock Chiseanne's ghost!
Chiseanne's ghost is severely damaged.
Chiseanne's ghost hits you.
* * * LOW HITPOINT WARNING * * *
You hit Chiseanne's ghost but do no damage.
Chiseanne's ghost is severely damaged.
You block Chiseanne's ghost's attack. Chiseanne's ghost hits you!
* * * LOW HITPOINT WARNING * * *
You barely miss Chiseanne's ghost.
Chiseanne's ghost is severely damaged.
Chiseanne's ghost hits you but does no damage.
You hit Chiseanne's ghost but do no damage.
Chiseanne's ghost is severely damaged.
Chiseanne's ghost hits you!
You die...

...#..####....## ....##.#...##
.......##......# .##....#.....
...........###..###(.# ###.#.....
............# ##..(.######.......
.......##..).####................
......####.....)((# #.........##.
##...## #......(. #........##
####.# #.....W## ##.......# #.#
##.....@§### #........## #.#
##.....§....###..###....# ###...
.......###......## ###... ......
........####.....# ##..## .......
#####...####..#..###..### .......
#....##..........## # ....
#................#### ....
##..##......##.....##. ...#
..##...###....####....#..


You could see Chiseanne's ghost.

Vanquished Creatures
  A hill giant (D:7)
  The ghost of Chiseanne the Covered, an experienced DsWn (D:5)
  Eustachio (D:4)
  2 orc warriors
  3 ice beasts
  2 ogres
  2 centaurs
  A wasp (D:4)
  3 giant frogs
  2 scorpions
  A crimson imp (D:8)
  A quasit (D:7)
  A jelly (D:8)
  7 hounds
  An iron imp (D:5)
  An orc priest (D:4)
  11 worker ants
  2 iguanas
  3 orc wizards
  A hound zombie (D:5)
  10 adders
  8 gnolls
  3 shadow imps
  An ooze (D:4)
  An adder skeleton (D:5)
  3 worms
  6 giant geckos
  13 orcs
  13 bats
  A bat skeleton (D:5)
  A bat zombie (D:8)
  13 goblins
  13 hobgoblins
  A ball python (D:5)
  5 giant cockroaches
  4 giant newts
  13 kobolds
  5 quokkas
  A quokka skeleton (D:3)
  2 quokka zombies
  17 rats
181 creatures vanquished.

Notes
Turn   | Place    | Note
--------------------------------------------------------------
     0 | D:1      | Chiseanne the Demonspawn Wanderer began the quest for the Orb.
     0 | D:1      | Chiseanne set off with: a +2 hand crossbow, 26 bolts, a potion of lignification, a scroll of teleportation, a +0 robe, a bread ration
     0 | D:1      | Reached XP level 1. HP: 21/21 MP: 1/1
   200 | D:1      | Gained mutation: You are immune to rotting. [demonic ancestry]
   200 | D:1      | Reached XP level 2. HP: 25/27 MP: 2/2
   415 | D:1      | Reached skill level 1 in Dodging
   487 | D:1      | Gained mutation: You are partially covered in rugged brown scales (AC +1, +3% HP). [demonic ancestry]
   487 | D:1      | Reached XP level 3. HP: 26/33 MP: 3/3
   978 | D:2      | Found a sacrificial altar of Ru.
  1304 | D:2      | Reached XP level 4. HP: 37/41 MP: 4/4
  1865 | D:3      | Reached skill level 6 in Fighting
  1881 | D:3      | Gained mutation: You may emit foul miasma when damaged in melee. [demonic ancestry]
  1881 | D:3      | Reached XP level 5. HP: 8/47 MP: 5/5
  2622 | D:4      | Noticed a wasp
  2626 | D:4      | Paralysed by a wasp for 1 turns
  2627 | D:4      | Killed a wasp
  2871 | D:4      | Gained mutation: You frequently emit foul miasma when damaged in melee. [demonic ancestry]
  2871 | D:4      | Reached XP level 6. HP: 46/54 MP: 6/6
  2954 | D:4      | Noticed Eustachio
  2959 | D:4      | Killed Eustachio
  2959 | D:4      | Reached skill level 7 in Fighting
  3111 | D:4      | Noticed an ogre
  3118 | D:4      | Killed an ogre
  3118 | D:4      | Reached XP level 7. HP: 31/61 MP: 7/7
  4246 | D:4      | Found a shattered altar of Ashenzari.
  4248 | D:4      | Found an opulent altar of Gozag.
  4307 | D:4      | Found a staircase to the Ecumenical Temple.
  4313 | Temple   | Entered the Ecumenical Temple
  4433 | Temple   | Became a worshipper of Qazlal Stormbringer
  4585 | D:5      | Entered Level 5 of the Dungeon
  4594 | D:5      | Noticed Chiseanne's ghost (experienced DsWn)
  4630 | D:5      | Killed Chiseanne's ghost
  4630 | D:5      | Reached skill level 8 in Fighting
  4630 | D:5      | Gained mutation: You are slightly more attuned to the shadows. [demonic ancestry]
  4630 | D:5      | Reached XP level 8. HP: 52/70 MP: 8/8
  4999 | D:5      | Found a burning altar of Makhleb.
  5107 | D:5      | Found a bloodstained altar of Trog.
  5108 | D:5      | Found a radiant altar of Vehumet.
  6333 | D:5      | Reached skill level 9 in Fighting
  6333 | D:5      | Reached skill level 5 in Crossbows
  6721 | D:5      | Got an opalescent robe
  6732 | D:5      | Identified the +2 robe "Weaxkyt" {rPois Int+2} (You found it on level 5 of the Dungeon)
  7421 | D:5      | Reached skill level 5 in Armour
  7718 | D:6      | Got a tiger eye-encrusted leather armour
  7737 | D:6      | Identified the +4 leather armour of Gluttony {rF+ Int+4 Slay+3} (You found it on level 6 of the Dungeon)
  7752 | D:6      | Gained mutation: You are mostly covered in rugged brown scales (AC +2, +5% HP). [demonic ancestry]
  7752 | D:6      | Reached XP level 9. HP: 59/80 MP: 9/9
  8172 | D:7      | Noticed a hill giant
  8185 | D:7      | Killed a hill giant
  8185 | D:7      | Acquired Qazlal's first power
  8415 | D:7      | Reached skill level 10 in Fighting
  8415 | D:7      | Reached skill level 5 in Dodging
  9282 | D:8      | Reached skill level 1 in Evocations
  9691 | D:8      | Found a basalt altar of Yredelemnul.
 10149 | D:8      | Noticed Chiseanne's ghost (experienced DsWn)
 10182 | D:8      | Slain by Chiseanne's ghost

Vault maps used:
D:1:      mrwooster_arrival_statue_3, st_stairs_10
D:2:      nicolae_ru_great_annihilating_truth
D:3:      nrook_uturn, cheibrodos_gnoll_hut
D:4:      amethyst_overflow_temple_binary, minmay_temple_entry_overgrown,
          first_bread, uniq_eustachio
D:5:      nicolae_overflow_hidden_temple, makhleb_grotto_becter, corexii_shack,
          minmay_door_square
D:8:      basic_altar
Temple:   oiseaux_autumnal_temple_12

Action                   |  1- 3 |  4- 6 |  7- 9 || total
-------------------------+-------+-------+-------++-------
Melee: Mace              |    94 |    42 |   100 ||   236
       Club              |     1 |       |       ||     1
       Rapier            |       |    83 |   220 ||   303
 Fire: Hand crossbow     |    17 |    50 |   170 ||   237
  Use: Scroll            |     7 |     2 |     6 ||    15
       Potion            |       |     3 |     3 ||     6
 Stab: Sleeping          |     3 |     2 |     2 ||     7
       Paralysed         |     2 |       |       ||     2
  Eat: Chunk             |     1 |     6 |    17 ||    24
       Fruit             |       |       |     2 ||     2
       Beef jerky        |       |       |     2 ||     2
